 Dungeon Crawl Stone Soup version 0.29-a0-1016-g236c7fd91e (webtiles) character file.

Game seed: 7480406024639511002

123 flotson the Sneak (level 4, -3/37 HPs)
             Began as a Demonspawn Delver on Aug 9, 2022.
             Slain by an orc wizard
             ... wielding a +0 dagger
              (4 damage)
             ... on level 3 of the Dungeon.
             The game lasted 00:03:56 (3697 turns).

flotson the Sneak (Demonspawn Delver)               Turns: 3697, Time: 00:03:56

Health: -3/37      AC:  6    Str: 14    XL:     4   Next: 80%
Magic:  0/4        EV: 11    Int: 11    God:
Gold:   155        SH:  0    Dex: 15    Spells: 3/3 levels left

rFire   . . .      SeeInvis .   a - +0 spear
rCold   . . .      Faith    .   (no shield)
rNeg    . . .      Spirit   +   o - +0 ring mail
rPois   .          Reflect  .   (no helmet)
rElec   .          Harm     .   t - +0 cloak
rCorr   .          Rampage  .   (no gloves)
Will    .....                   (no boots)
Stlth   ++........              p - amulet of guardian spirit
HPRegen 0.12/turn               (no ring)
MPRegen 0.09/turn               (no ring)

@: flying
A: demonic magic 1
a: no special abilities


You were on level 3 of the Dungeon.
You visited 1 branch of the dungeon, and saw 5 of its levels.

You collected 155 gold pieces.

Inventory:

Hand Weapons
 a - a +0 spear (weapon)
Armour
 o - a +0 ring mail (worn)
 t - a +0 cloak (worn)
Jewellery
 p - an amulet of guardian spirit (around neck)
 s - a ring of ice
Wands
 g - a wand of digging (3)
 j - a wand of flame (20)
Scrolls
 c - 2 scrolls of fog
 d - 2 scrolls of magic mapping
 e - a scroll of fear
 i - 4 scrolls of teleportation {unknown}
 r - a scroll of blinking {unknown}
 u - a scroll of identify {unknown}
Potions
 b - 4 potions of flight
 f - 2 potions of haste
 h - 4 potions of curing {unknown}
 k - 2 potions of mutation {unknown}
 l - a potion of heal wounds {unknown}
 m - 2 potions of lignification {unknown}
 n - a potion of attraction {unknown}
 q - a potion of might {unknown}


   Skills:
 + Level 3.7 Fighting
 - Level 1.7 Polearms
 + Level 1.9 Armour
 + Level 2.7 Dodging
 - Level 4.5 Stealth
 + Level 2.0 Evocations


You had 3 spell levels left.
You didn't know any spells.
Your spell library contained the following spells:

 Spells                   Type           Power      Damage    Failure   Level
 Ensorcelled Hibernation  Hex/Ice        0%         N/A       71%         2
 Passwall                 Tmut/Erth      0%         N/A       71%         2
 Summon Guardian Golem    Hex/Summ       0%         N/A       91%         3
 Swiftness                Air            0%         N/A       91%         3
 Orb of Destruction       Conj           0%         9d5       100%        7
 Spellforged Servitor     Conj/Summ      0%         N/A       100%        7


Dungeon Overview and Level Annotations

Branches:
Dungeon (5/15)
 Temple: D:4-7

Altars:
Yredelemnul

Shops:
D:1 !


Innate Abilities, Weirdness & Mutations

Spells you cast may paralyse adjacent enemies.


Message History

Something you can't see is in the way.
You closely miss something. Your punch misses something.
You hear some strange, mumbled words.
A puff of flame appears from out of thin air!
The puff of flame hits you!
* * * LOW HITPOINT WARNING * * *
You are too injured to fight recklessly!
You are too injured to fight recklessly!
You are too injured to fight recklessly!
You are too injured to fight recklessly!
You are too injured to fight recklessly!
You are too injured to fight recklessly!
You are too injured to fight recklessly!
You are too injured to fight recklessly!
You closely miss something. Something hits you.
* * * LOW HITPOINT WARNING * * *
You closely miss something. Something barely misses you.
You miss something. Something completely misses you.
You miss something. Something hits you but does no damage.
You barely miss something. Something hits you but does no damage.
You hear some strange, mumbled words.
A magic dart appears from out of thin air!
The magic dart hits you.
* * * LOW HITPOINT WARNING * * *
You hit something but do no damage. Something hits you but does no damage.
You barely miss something.
You hear some strange, mumbled words.
A magic dart appears from out of thin air!
The magic dart hits you but does no damage.
You hit something. Something completely misses you.
You barely miss something. Something hits you but does no damage.
You closely miss something.
You hear some strange, mumbled words.
A magic dart appears from out of thin air!
The magic dart hits you!
* * * LOW HITPOINT WARNING * * *
It was a potion of flight.
You feel very buoyant.
You fly up into the air.
Something hits you.
You die...

#.....# #.#...# ####.....#
#........# ### #......# #..
#.#..## #.####.....#
#.##....##.# #....##.##@#
##.#####.##{# ######..#
##.##o### .
.......#####..##...# #..
...................#####....
...#####.............>......
.. #................o......?
.###.................g......
.#.....................o....


You could see an orc.

Vanquished Creatures
  Jessica (D:2)
  A gnoll (D:1)
  4 adders
  2 worms
  A dart slug (D:2)
  2 orcs (D:3)
  8 ball pythons
  3 bats
  2 giant cockroaches
  3 goblins (D:2)
  2 hobgoblins
  4 jackals (D:1)
  A frilled lizard (D:2)
  6 kobolds (D:1)
  9 rats
49 creatures vanquished.

Vanquished Creatures (others)
  7 plants (D:1)
7 creatures vanquished.

Grand Total: 56 creatures vanquished

Notes
Turn   | Place    | Note
-------+----------+-------------------------------------------
     0 | D:5      | flotson the Demonspawn Delver began the quest for the Orb.
     0 | D:5      | Reached XP level 1. HP: 18/18 MP: 1/1
   191 | D:5      | Noticed a hound
   836 | D:1      | Gained mutation: Spells you cast may paralyse adjacent
                  | enemies. [demonic ancestry]
   836 | D:1      | Reached XP level 2. HP: 22/24 MP: 2/2
  1078 | D:1      | Found Efi Neo's Distillery.
  1341 | D:1      | Reached skill level 1 in Armour
  1341 | D:1      | Reached skill level 1 in Evocations
  1421 | D:1      | Reached XP level 3. HP: 29/29 MP: 3/3
  1864 | D:2      | Noticed Jessica
  1875 | D:2      | Killed Jessica
  2194 | D:2      | Reached XP level 4. HP: 32/35 MP: 2/4
  3454 | D:3      | Found a basalt altar of Yredelemnul.
  3696 | D:3      | HP: 1/37 [something/magic dart (5)]
  3697 | D:3      | Slain by an orc wizard

Illustrated notes

Levels and vault maps discovered:
D:1:      dpeg_arrival_prison, layout_basic, serial_shops, shop,
          lexackson_kobold_supper
D:2:      layout_basic, uniq_jessica
D:3:      layout_rooms, mainiacjoe_overflow_chevrons,
          shapermc_ecumenical_altar_mp_vishouse
D:4:      layout_gridville, vehumet_statue, nicolae_wormholes
D:5:      layout_layer_cave

Skill      XL: |  1  2  3  4 |
---------------+-------------+-----
Dodging        | 2 |  2.7
Armour         | 1 |  1.9
Evocations     | 1 2 |  2.0
Fighting       | |  3.7
Polearms       | |  1.7
Stealth        | |  4.5

Action                   |  1- 3 |  4- 6 || total
-------------------------+-------+-------++-------
Melee: Spear             |   202 |   132 ||   334
       Punch             |     3 |       ||     3
  Use: Potion            |       |     1 ||     1
 Stab: Sleeping          |     5 |     4 ||     9
Armor: Leather armour    |    10 |       ||    10
       Ring mail         |    10 |    41 ||    51
Dodge: Dodged            |    28 |    56 ||    84

Table legend: (Time is in decaauts)
 A = Elapsed time spent in this place.
 B = Non-inter-level travel time spent in this place.
 C = Inter-level travel time spent in this place.
 D = Time resting spent in this place.
 E = Time spent auto-exploring this place.
 F = Levels seen in this place.
 G = Mean time per level.
                   A        B        C        D        E       F      G
               +--------+--------+--------+--------+--------+-----+--------+
         Total |   3701 |   3570 |    131 |    172 |   2751 |   5 |  740.2 |
       Dungeon |   3701 |   3570 |    131 |    172 |   2751 |   5 |  740.2 |
               +--------+--------+--------+--------+--------+-----+--------+

Top non-repeatable levels by time:
     D:1: 1458 daAuts
     D:2: 1330 daAuts
     D:3: 570 daAuts
     D:5: 330 daAuts
     D:4: 11 daAuts
